 Dungeon Crawl Stone Soup version 0.30.1-9-gdf580d7c3d (webtiles) character file.

Game seed: 18028222959493779322

22205 Zonian the Thaumaturge (level 12, -4/59 HPs)
             Began as a Deep Elf Ice Elementalist on Oct 4, 2023.
             Was an Initiate of Gozag.
             Slain by a skyshark (5 damage)
             ... on level 4 of the Lair of Beasts.
             The game lasted 01:18:14 (24465 turns).

Zonian the Thaumaturge (Deep Elf Ice Elementalist) Turns: 24465, Time: 01:18:25

Health: -4/59      AC: 22    Str:  5    XL:     12   Next: 61%
Magic:  27/31      EV: 16    Int: 26    God:    Gozag
Gold:   1903       SH:  0    Dex: 15    Spells: 19/38 levels left

rFire   . . .        O - +2 dagger (venom)
rCold   . . .        (no shield)
rNeg    . . .        a - +2 robe
rPois   +            c - +2 helmet
rElec   .            R - scarf {repulsion}
rCorr   .            m - +2 pair of gloves
SInv    .            Q - +1 pair of boots
Will    +....        w - amulet of magic regeneration
Stlth   ++++         e - ring of poison resistance
HPRegen 0.29/turn    N - ring of flight
MPRegen 0.62/turn

%: repel missiles
@: ice-armoured, gold aura, freezing walls, flying
A: no striking features
a: Renounce Religion, Potion Petition, Call Merchant, Bribe Branch


You were on level 4 of the Lair of Beasts.
You worshipped Gozag.
Gozag was most pleased with you.
You visited 2 branches of the dungeon, and saw 13 of its levels.

You collected 2766 gold pieces.
You spent 290 gold pieces at shops.
You paid 573 gold pieces to Gozag.

Inventory:

Hand Weapons
 f - a +0 short sword
 p - a +0 sling
 q - a +0 war axe of venom
 t - a +0 long sword
 z - a +0 short sword of speed
 H - a +2 dagger of speed
 O - a +2 dagger of venom (weapon)
 S - a +0 rapier of venom
 V - a +3 falchion
Missiles
 h - 3 javelins
 n - 26 poisoned darts
 u - 11 silver javelins
 v - 9 boomerangs
 C - 6 atropa-tipped darts
Armour
 a - a +2 robe (worn)
 c - a +2 helmet (worn)
 i - an orb of wrath
 m - a +2 pair of gloves (worn)
 y - a +2 helmet
 A - an orb of light
 L - a +2 hat
 Q - a +1 pair of boots (worn)
 R - a scarf of repulsion (worn)
Jewellery
 e - a ring of poison resistance (left hand)
 r - a ring of resist corrosion
 w - an amulet of magic regeneration (around neck)
 N - a ring of flight (right hand)
Wands
 j - a wand of digging (19)
 B - a wand of charming (17)
 D - a wand of polymorph (9)
 G - a wand of flame (15)
 K - a wand of roots (6)
 T - a wand of quicksilver (4)
Scrolls
 g - a scroll of teleportation
 o - 3 scrolls of fog
 M - 4 scrolls of poison
 W - a scroll of blinking
Potions
 b - a potion of magic
 d - 3 potions of curing
 l - 3 potions of ambrosia
 s - 2 potions of brilliance
 x - a potion of cancellation {unknown}
 E - 3 potions of flight
 F - 3 potions of berserk rage
 I - 4 potions of might
 J - a potion of invisibility
 P - 2 potions of haste
 U - a potion of resistance {unknown}
 X - a potion of mutation {unknown}
Miscellaneous
 k - a lightning rod (4/4)


   Skills:
 + Level 5.3 Short Blades
 - Level 8.2 Dodging
 - Level 8.9 Stealth
 - Level 13.9 Spellcasting
 - Level 9.4 Summonings
 + Level 5.7 Necromancy
 - Level 12.1 Ice Magic
 + Level 5.1 Earth Magic
 - Level 2.1 Evocations


You had 19 spell levels left.
You knew the following spells:

 Your Spells              Type           Power      Damage    Failure   Level
a - Freeze                Ice            100%       1d10      1%          1
b - Frozen Ramparts       Ice            100%       1d16      1%          3
c - Ozocubu's Armour      Ice            69%        N/A       1%          3
d - Summon Ice Beast      Ice/Summ       65%        N/A       1%          4
e - Call Canine Familiar  Summ           61%        N/A       1%          3
f - Borgnjor's Vile Clut  Necr/Erth      23%        N/A       10%         5

Your spell library contained the following spells:

 Spells                   Type           Power      Damage    Failure   Level
 Animate Armour           Summ/Erth      100%       N/A       1%          4
 Portal Projectile        Hex/Tloc       36%        N/A       10%         3
 Tukima's Dance           Hex            18%        N/A       10%         3
 Leda's Liquefaction      Hex/Erth       15%        N/A       11%         4
 Alistair's Intoxication  Tmut/Pois      12%        N/A       65%         5
 Blade Hands              Tmut           9%         N/A       65%         5
 Haunt                    Necr/Summ      27%        N/A       75%         7
 Iron Shot                Conj/Erth      15%        9d4       86%         6
 Eringya's Noxious Bog    Tmut/Pois      9%         N/A       99%         6
 Infestation              Necr           23%        N/A       100%        8
 Animate Dead             Necr           Unusable   N/A       N/A         4

Dungeon Overview and Level Annotations

Branches:
Dungeon (9/15)             Temple (0/1) D:6            Lair (4/5) D:9
  Swamp (0/4) Lair:3       Spider (0/4) Lair:2
  Slime: Lair:4-5       Orc: D:9-12

Altars:
Ashenzari
Cheibriados
Dithmenos
Elyvilon
Gozag
Makhleb
Qazlal
Ru
Trog
Vehumet
Wu Jian
Zin
The Shining One

Shops:
D:6 *(   D:8 [

Annotations:
D:6 Edmund
D:8 Joseph


Message History

The skyshark completely misses you.
The skyshark tail-slaps you but does no damage.
The skyshark closely misses you.
Unknown command.
You hit the skyshark but do no damage.
The skyshark is poisoned.
The skyshark is moderately wounded.
Your ice beast closely misses the skyshark.
Unknown command.
You barely miss the skyshark.
The skyshark is moderately wounded.
The wall freezes the skyshark but does no damage.
The skyshark bites you!
The skyshark enters a blood-rage!
The skyshark barely misses you. The skyshark misses you.
Your ice beast hits the skyshark but does no damage.
Unknown command.
You hit the skyshark but do no damage.
The skyshark is moderately wounded.
Your ice beast barely misses the skyshark.
The wall freezes the skyshark!
The skyshark seems to slow down.
The skyshark completely misses you. The skyshark tail-slaps you!
The skyshark tail-slaps you but does no damage.
Unknown command.
You hit the skyshark but do no damage.
The skyshark looks as sick as possible!
The skyshark is moderately wounded.
Unknown command.
Casting: Frozen Ramparts (safe; 1% risk of failure)
Confirm with . or Enter, or press ? or * to list all spells.
A film of ice covers your body!
Your ice beast hits the skyshark.
Your ice beast freezes the skyshark!!
The skyshark seems to slow down.
The wall freezes the skyshark!
The skyshark bites you but does no damage.
The skyshark closely misses you. x2
You hit the skyshark but do no damage.
The skyshark looks as sick as possible!
The skyshark is severely wounded.
Your ice beast hits the skyshark but does no damage.
The wall freezes the skyshark.
The skyshark bites you!!
* * * LOW HITPOINT WARNING * * *
The skyshark tail-slaps you.
You die...
Your body crumbles into a pile of gold.

..# .>
#...............#
.## ...
#..............## ##
...#
##..............#
.##...#
###...............#
.#...#
#.......##.###.###.#
....# #.......####
### ## ...##
#.....### ..##
#....l.# ###
#...Y$@# # #.?....#
# #.....## # #......
....... .......##
##.#### #.#.....# .
.# ###.....# # #
......#


You could see a skyshark (berserk, extremely poisoned, slow, ally target) and a
friendly ice beast (summoned).

Vanquished Creatures
  A boulder beetle (D:7)
  A skyshark (Lair:3)
  A lindwurm (Lair:3)
  A bog body (Lair:3)
  6 elephants (Lair:2)
  5 cane toads
  A komodo dragon (Lair:2)
  2 hornets (Lair:3)
  2 trolls (D:9)
  7 blink frogs
  13 yaks
  A wyvern (Lair:1)
  Grum (D:6)
  A steam dragon (Lair:3)
  A basilisk (Lair:3)
  6 water moccasins
  A sky beast (D:8)
  An ice beast (D:8)
  3 black bears
  3 orc warriors
  An ogre (D:6)
  A centaur (D:9)
  2 wolves (D:9)
  A phantom (D:7)
  A kobold brigand (D:6)
  7 bullfrogs
  2 gnoll sergeants
  4 scorpions
  5 wights (D:7)
  9 killer bees
  5 electric eels
  4 orc priests
  A gnoll bouda (D:5)
  14 hounds
  5 iguanas
  2 sleepcaps (D:5)
  A hell rat (Lair:3)
  8 orc wizards
  10 adders
  15 gnolls
  A shadow imp (D:7)
  A white imp (D:4)
  An ufetubus (D:6)
  5 worms
  2 dart slugs
  25 orcs
  4 endoplasms
  6 giant cockroaches
  2 hobgoblins
  9 jackals
  8 kobolds
  A quokka (D:4)
  6 ball pythons
  2 bats (D:2)
  4 frilled lizards
  5 goblins
  5 rats
243 creatures vanquished.

Vanquished Creatures (collateral kills)
  3 two-headed ogres
  2 lindwurms (Lair:3)
  A black mamba (Lair:3)
  2 cane toads
  A rime drake (Lair:1)
  A polar bear (Lair:2)
  A troll (D:9)
  4 blink frogs
  A vampire (D:9)
  4 yaks (Lair:3)
  2 basilisks
  2 swamp worms (Lair:3)
  5 water moccasins
  2 black bears
  An ogre (D:5)
  A bullfrog (Lair:3)
  A gnoll sergeant (D:8)
  3 hell rats (Lair:3)
  3 gnolls (D:8)
40 creatures vanquished.

Vanquished Creatures (others)
  A bullfrog (Lair:3)
1 creature vanquished.

Grand Total: 284 creatures vanquished

Notes
Turn   | Place    | Note
-------+----------+-------------------------------------------
     0 | D:1      | Zonian the Deep Elf Ice Elementalist began the quest for
                  | the Orb.
     0 | D:1      | Reached XP level 1. HP: 10/10 MP: 6/6
   565 | D:1      | Reached XP level 2. HP: 15/15 MP: 4/8
  1057 | D:2      | Reached XP level 3. HP: 13/19 MP: 5/10
  2159 | D:3      | Reached XP level 4. HP: 19/24 MP: 6/11
  2387 | D:4      | Noticed an ogre
  2398 | D:4      | Reached skill level 4 in Spellcasting
  2398 | D:4      | Reached skill level 5 in Ice Magic
  2576 | D:4      | Noticed a scorpion
  2582 | D:4      | Killed a scorpion
  2583 | D:4      | Reached XP level 5. HP: 28/28 MP: 9/13
  2675 | D:4      | Learned a level 3 spell: Frozen Ramparts
  2679 | D:4      | Learned a level 3 spell: Ozocubu's Armour
  2684 | D:4      | Learned a level 4 spell: Summon Ice Beast
  2693 | D:4      | Found an opulent altar of Gozag.
  2930 | D:4      | Became a worshipper of Gozag Ym Sagoz the Greedy
  3921 | D:5      | Entered Level 5 of the Dungeon
  4112 | D:5      | Reached XP level 6. HP: 31/32 MP: 13/15
  4116 | D:5      | Reached skill level 5 in Spellcasting
  4733 | D:5      | Reached skill level 5 in Stealth
  4797 | D:5      | Reached XP level 7. HP: 36/36 MP: 17/17
  4848 | D:5      | Reached skill level 6 in Spellcasting
  6182 | D:6      | Noticed Edmund
  6303 | D:6      | Found a broken altar of Ashenzari.
  6434 | D:6      | Reached skill level 7 in Spellcasting
  6908 | D:6      | Found a burning altar of Makhleb.
  6956 | D:6      | Found Qyhik's Weapon Shop.
  6975 | D:6      | Bought 6 atropa-tipped darts for 64 gold pieces
  7167 | D:6      | Reached skill level 8 in Spellcasting
  7167 | D:6      | Reached XP level 8. HP: 36/41 MP: 20/22
  7379 | D:6      | Found a sacrificial altar of Ru.
  7379 | D:6      | Found a radiant altar of Vehumet.
  7379 | D:6      | Found a glowing golden altar of the Shining One.
  7379 | D:6      | Found a glowing silver altar of Zin.
  7380 | D:6      | Found an ornate altar of the Wu Jian Council.
  7380 | D:6      | Found a white marble altar of Elyvilon.
  7382 | D:6      | Found a shadowy altar of Dithmenos.
  7382 | D:6      | Found a stormy altar of Qazlal.
  7382 | D:6      | Found a bloodstained altar of Trog.
  7536 | D:6      | Found Sumeguj's Assorted Antiques.
  7540 | D:6      | Bought a potion of heal wounds for 95 gold pieces
  7549 | D:6      | Noticed Grum
  7565 | D:6      | Killed Grum
  7566 | D:6      | Reached skill level 1 in Summonings
  8033 | D:6      | Reached skill level 9 in Spellcasting
  8402 | D:6      | Found a staircase to the Ecumenical Temple.
  9754 | D:7      | You fall into a shaft and drop 1 floor!
  9784 | D:8      | Found Neulun's Antique Armour Shoppe.
  9808 | D:8      | Reached XP level 9. HP: 34/45 MP: 20/24
  9916 | D:8      | Reached skill level 10 in Spellcasting
 10224 | D:7      | Noticed a boulder beetle
 10259 | D:7      | Noticed a two-headed ogre
 10517 | D:6      | Bought a glowing tourmaline ring for 95 gold pieces
 10517 | D:6      | Bought a scroll labelled GUIRIAD LUNA MIPT for 19 gold
                  | pieces
 10517 | D:6      | Bought a sedimented emerald potion for 17 gold pieces
 10775 | D:7      | HP: 2/45 [boulder beetle (18)]
 10782 | D:7      | Killed a boulder beetle
 10783 | D:7      | Reached skill level 5 in Summonings
 11003 | D:7      | Learned a level 3 spell: Call Canine Familiar
 11551 | D:7      | Reached skill level 11 in Spellcasting
 11551 | D:7      | Reached skill level 10 in Ice Magic
 11776 | D:7      | Killed a two-headed ogre
 11777 | D:7      | Reached XP level 10. HP: 50/50 MP: 22/27
 12065 | D:7      | You fall into a shaft and drop 2 floors!
 12880 | D:8      | Noticed Joseph
 12975 | D:8      | Found a snail-covered altar of Cheibriados.
 13445 | D:9      | Noticed a two-headed ogre
 13463 | D:9      | Reached skill level 5 in Dodging
 13795 | D:9      | Killed a two-headed ogre
 13796 | D:9      | Reached skill level 12 in Spellcasting
 14720 | D:9      | Noticed a two-headed ogre
 14734 | D:9      | Killed a two-headed ogre
 15376 | D:9      | Found a staircase to the Lair.
 15562 | Lair:1   | Entered Level 1 of the Lair of Beasts
 15732 | Lair:1   | Reached XP level 11. HP: 16/54 MP: 29/29
 17336 | Lair:2   | Noticed an ice dragon
 17337 | Lair:2   | Noticed a death yak
 17420 | Lair:2   | Reached skill level 13 in Spellcasting
 18096 | Lair:2   | Found a hole to the Spider Nest.
 19085 | Lair:2   | Noticed a death yak
 19167 | Lair:3   | Noticed a skyshark
 19181 | Lair:3   | Killed a skyshark
 19182 | Lair:3   | Reached skill level 1 in Short Blades
 20243 | Lair:3   | Learned a level 5 spell: Borgnjor's Vile Clutch
 20253 | Lair:3   | Noticed a lindwurm
 20277 | Lair:3   | Killed a lindwurm
 20952 | Lair:3   | Reached skill level 1 in Necromancy
 20952 | Lair:3   | Reached skill level 1 in Evocations
 20956 | Lair:3   | Reached skill level 1 in Earth Magic
 21167 | Lair:3   | Reached XP level 12. HP: 59/59 MP: 28/31
 21941 | Lair:3   | Identified a scroll of acquirement
 21941 | Lair:3   | Acquired a ring of poison resistance
 22721 | Lair:3   | Found a staircase to the Swamp.
 23624 | Lair:4   | Reached skill level 5 in Necromancy
 23960 | Lair:4   | Reached skill level 5 in Short Blades
 23976 | Lair:4   | Reached skill level 5 in Earth Magic
 24465 | Lair:4   | HP: 1/59 [skyshark (22)]
 24465 | Lair:4   | Slain by a skyshark

Illustrated notes

Levels and vault maps discovered:
D:1:      dpeg_arrival_boxes_within_box, layout_loops_ring, minmay_pentomino_q2
D:2:      layout_loops_cross, kennysheep_small_spiral, grunt_ministairs_5
D:3:      layout_basic
D:4:      layout_loops_ring, grunt_gozag_breadcrumbs
D:5:      layout_gridville
D:6:      layout_cave_pools, mainiacjoe_overflow_alcove_4,
          nicolae_overflows_in_rows, mainiacjoe_overflow_tiny_flanked,
          minmay_temple_entry_hall, serial_gnoll_camp, gnoll_camp_mini_shop,
          gnoll_camp_mini_doghouse, gnoll_camp_mini_hut, grums_kennel,
          gnoll_camp_mini_shop, nicolae_figureground_pulse, uniq_edmund
D:7:      kennysheep_steamy, layout_basic
D:8:      layout_rooms, mainiacjoe_overflow_six_doors_small, serial_shops,
          nicolae_diamond_shop, serial_glass, glass_columns_a, glass_columns_c,
          uniq_joseph
D:9:      layout_cave_pools, erik_lair_island
Lair:1:   lemuel_slime, layout_loops_ring
Lair:2:   dreamdust_isle_of_ice, layout_hall_layers,
          nicolae_spider_entry_non_spiders
Lair:3:   cheibrodos_lair_overgrown_chateau, layout_big_grid,
          nicolae_swamp_entry_splash_gauntlet, chequers_serial_rivers_large_a
Lair:4:   layout_cellular_growth, grunt_megastairs_5

Skill      XL: |  1  2  3  4  5  6  7  8  9 10 11 12 |
---------------+-------------------------------------+-----
Stealth        | 3 4 5 7 8 |  8.9
Dodging        | 3 4 6 8 |  8.2
Spellcasting   | 4 5 8 9 11 12 13 | 13.9
Ice Magic      | 5 6 7 9 10 11 12 | 12.1
Summonings     | 3 6 8 9 |  9.4
Short Blades   | 2 5 |  5.3
Necromancy     | 1 5 |  5.7
Evocations     | 1 2 |  2.1
Earth Magic    | 1 5 |  5.1

Action                     |  1- 3 |  4- 6 |  7- 9 | 10-12 || total
---------------------------+-------+-------+-------+-------++-------
  Melee: Dagger            |    27 |    96 |   266 |   408 ||   797
         Unarmed           |     1 |       |       |       ||     1
         Punch             |       |     3 |     2 |     7 ||    12
  Throw: Javelin           |       |     2 |    13 |     1 ||    16
         Dart              |       |       |     8 |     5 ||    13
   Cast: Freeze            |    39 |    31 |    28 |     4 ||   102
         Frozen Ramparts   |       |     2 |    35 |    41 ||    78
         Ozocubu's Armour  |       |       |     6 |    12 ||    18
         Summon Ice Beast  |       |       |     2 |    32 ||    34
         Call Canine Famil |       |       |     1 |    19 ||    20
 Invoke: Potion Petition   |       |       |       |     2 ||     2
  Evoke: Wand              |       |       |       |    20 ||    20
    Use: Scroll            |       |    13 |    10 |    13 ||    36
         Potion            |       |     2 |     4 |     2 ||     8
   Stab: Sleeping          |     6 |     3 |     1 |     9 ||    19
         Distracted        |       |     1 |     1 |     3 ||     5
 Armour: Robe              |     6 |    33 |    94 |   151 ||   284
  Dodge: Dodged            |    41 |    91 |   203 |   334 ||   669
         Repelled          |       |       |       |     4 ||     4
